 Dungeon Crawl Stone Soup version 0.19-a0-1704-gbd66c22 (webtiles) character file.

56 GrosslyIncandescent the Insei (level 3, -8/29 HPs)
             Began as a Mummy Monk on Sept 27, 2016.
             Killed by divine providence
             ... invoked by an orc priest
              (10 damage)
             ... on level 3 of the Dungeon.
             The game lasted 00:03:16 (2635 turns).

GrosslyIncandescent the Insei (Mummy Monk)          Turns: 2635, Time: 00:03:17

Health: -8/29      AC:  2    Str: 14    XL:     3   Next: 69%
Magic:  3/3        EV: 13    Int:  9    God:
Gold:   133        SH:  0    Dex: 15    Spells: 0 memorised, 2 levels left

rFire  . . .     SeeInvis .       - Unarmed
rCold  + . .     Gourm    .     (no armour)
rNeg   + + +     Faith    .     (no shield)
rPois  ∞         Spirit   .     (no helmet)
rElec  .         Dismiss  .     e - +0 cloak
rCorr  .         Reflect  .     (no gloves)
MR     .....     Harm     .     (no boots)
Stlth  ++........               (no amulet)
                                j - ring of fire
                                h - ring of protection from cold

@: no status effects
A: no food or potions, fire vulnerability, cold resistance 1, negative energy
resistance 3, torment resistance, unbreathing
a: no special abilities


You were on level 3 of the Dungeon.
You were not hungry.

You visited 1 branch of the dungeon, and saw 3 of its levels.

You collected 133 gold pieces.


Innate Abilities, Weirdness & Mutations

You do not eat or drink.
Your flesh is vulnerable to fire.
You are immune to poison.
Your flesh is cold resistant. (rC+)
You are immune to negative energy. (rN+++)
You are immune to unholy pain and torment.
You can survive without breathing.


   Skills:
 - Level 3.0 Fighting
 - Level 2.4 Dodging
 - Level 1.5 Stealth
 + Level 3.9 Unarmed Combat


You had 2 spell levels left.
You didn't know any spells.

Inventory:

Armour
 e - a +0 cloak (worn)
Jewellery
 c - an uncursed ring of protection from cold
 h - a ring of protection from cold (left hand)
 j - a ring of fire (right hand)
Scrolls
 a - a scroll of random uselessness {unknown}
 b - a scroll of immolation {unknown}
 d - 3 scrolls of teleportation {unknown}
 f - a scroll of recharging {unknown}
 g - 2 scrolls of remove curse {unknown}
 i - a scroll of enchant armour {unknown}
 k - a scroll of magic mapping {unknown}
 l - a scroll of identify {unknown}

Dungeon Overview and Level Annotations

Branches:
Dungeon (3/15)

Altars:
Makhleb

▒.▒▒ ▒.l
.. ▒.▒ .▒
▒£▒ ..▒
▒o▒ ..▒
▒o▒...▒
▒.▒...▒
▒oo...▒
▒M▒.▒....
▒.▒.▒ ▒▒
▒.▒ . ...
.. .▒.▒▒
▒▒ ▒.▒.▒
▒ ▒.▒ ▒.▒
▒.▒


You could see an orc priest, 3 orcs and a frilled lizard (wandering).


Message History

There is a stone staircase leading down here!
You climb downwards!
Found 12 gold pieces!
There is a stone staircase leading up here!
An orc comes into view! It is wielding a short sword!
The orc shouts!!!
An orc comes into view! It is wielding a dagger!
There are monsters nearby!!!
There are monsters nearby!!!
There are monsters nearby!!!
The orc shouts!!!
You hear a shout!!! x3
An orc priest comes into view! It is wielding a flail!
The orc priest calls down the wrath of Beogh upon you!
Beogh smites you!!!
You see here 12 gold pieces!
An orc comes into view! It is wielding a trident!
The orc priest invokes the aid of Beogh against you!
Beogh smites you!!! * * * don't die
* * *
There is a stone staircase leading up here!
You can't go up here!!!
An orc comes into view!
The orc barely misses you!
The orc moves out of view!
A frilled lizard comes into view!
There is a stone staircase leading up here!
The orc hits you with a short sword! * * * don't die
* * * The orc priest calls down the wrath of Beogh upon you!
Beogh smites you!!! rip

Action                   || total
-------------------------++-------
Melee: Unarmed           ||   184
       Punch             ||     3
 Stab: Sleeping          ||     1
Armor: Skin              ||    20
Dodge: Dodged            ||   105

Vault maps used:
D:1:      dpeg_arrival_leaves_temple_mockup
D:2:      makhleb_grotto_becter
D:3:      lemuel_coloured_pillars_altar, grunt_ministairs_5

Notes
Turn   | Place    | Note
-------+----------+-------------------------------------------
     0 | D:1      | GrosslyIncandescent the Mummy Monk began the quest for the Orb.
     0 | D:1      | Reached XP level 1. HP: 18/18 MP: 1/1
   522 | D:1      | Reached XP level 2. HP: 24/24 MP: 2/2
   711 | D:1      | Reached skill level 3 in Unarmed Combat
  1594 | D:2      | Found a burning altar of Makhleb.
  1594 | D:2      | Noticed a crimson imp
  2228 | D:1      | Reached XP level 3. HP: 14/29 MP: 3/3
  2635 | D:3      | HP: 2/29 [orc/short sword (4)]
  2635 | D:3      | Killed from afar by an orc priest

Vanquished Creatures
  A hound (D:1)
  2 dart slugs (D:1)
  A leopard gecko (D:1)
  3 bats
  3 goblins
  3 hobgoblins
  2 kobolds
  6 rats
21 creatures vanquished.
